 Dungeon Crawl Stone Soup version 0.30.1-4-g462c640d31 (webtiles) character file.

Game seed: 6366672463839569484

347020 spardeous the Severer (level 20, -4/178 HPs)
             Began as a Demigod Conjurer on Aug 15, 2023.
             Slain by theMacoje's ghost (19 damage)
             ... on level 4 of the Vaults.
             The game lasted 02:38:39 (81536 turns).

spardeous the Severer (Demigod Conjurer)           Turns: 81536, Time: 02:38:39

Health: -4/178     AC: 23    Str: 21    XL:     20   Next: 34%
Magic:  9/41       EV: 13    Int: 27    God:
Gold:   3337       SH: 16    Dex: 19    Spells: 7/43 levels left

rFire   + . .        Z - +9 broad axe (heavy)
rCold   + + .        h - +2 kite shield {rC+}
rNeg    + + +        J - +5 ring mail "Pumimuti" {+Blink Slay+6}
rPois   +            p - +2 hat "Edaufomu" {rElec rC+ Dex+4}
rElec   +            t - +2 cloak of Egius {rF+ rN+}
rCorr   +            g - +2 pair of gloves
SInv    .            G - +1 pair of boots
Will    ++++.        a - amulet of magic regeneration
Stlth   ++           z - ring "Ecouk" {Will+ rCorr Str-3 Int+3 Dex+3}
HPRegen 0.49/turn    W - ring "Gabiesi" {rElec rPois rN+++ Will+ Int-4}
MPRegen 0.67/turn

%: no passive effects
@: very slightly contaminated, studying Shields
A: high MP 1, forlorn, divine attributes, antennae 1, talons 1, deterioration 1,
poison resistance
}: 2/15 runes: decaying, gossamer
a: Evoke Blink


You were on level 4 of the Vaults.
You visited 7 branches of the dungeon, and saw 37 of its levels.
You also visited: Ice Cave.

You collected 7807 gold pieces.
You spent 4470 gold pieces at shops.

Inventory:

Hand Weapons
 O - the +9 war axe of Inflation {elec, rElec rN+ Str+3}
   (You took it off a deep elf zephyrmancer on level 3 of the Elven Halls)

   Str:       It affects your strength (+3).
   rElec:     It insulates you from electricity.
   rN:        It protects you from negative energy.
 Q - the +2 hand axe "Demigod's Regret" {drain, rPois rC+ Will+ Dex-5}
   (You bought it in a shop on level 11 of the Dungeon)

   Dex:       It affects your dexterity (-5).
   rC:        It protects you from cold.
   rPois:     It protects you from poison.
   Will:      It increases your willpower.
 Y - the +10 hand axe of Plague {pain, rF+}
   (You bought it in a shop on level 2 of the Orcish Mines)

   rF:        It protects you from fire.
 Z - a +9 heavy broad axe (weapon)
Armour
 g - a +2 pair of gloves (worn)
 h - a +2 kite shield of cold resistance (worn)
 p - the +2 hat "Edaufomu" (worn) {rElec rC+ Dex+4}
   (You bought it in a shop on level 7 of the Dungeon)

   Dex:       It affects your dexterity (+4).
   rC:        It protects you from cold.
   rElec:     It insulates you from electricity.
 t - the +2 cloak of Egius (worn) {rF+ rN+}
   (You found it on level 3 of the Swamp)

   rF:        It protects you from fire.
   rN:        It protects you from negative energy.
 G - a +1 pair of boots (worn)
 J - the +5 ring mail "Pumimuti" (worn) {+Blink Slay+6}
   (You found it on level 4 of the Dungeon)

   Slay:      It affects your accuracy & damage with ranged weapons and melee
   (+6).
   +Blink:    It lets you blink.
 U - +0 storm dragon scales
Jewellery
 a - an amulet of magic regeneration (around neck)
 e - a +4 ring of slaying
 j - a ring of see invisible
 n - an amulet of regeneration
 z - the ring "Ecouk" (left hand) {Will+ rCorr Str-3 Int+3 Dex+3}
   (You acquired it on level 1 of the Vaults)

   [ring of willpower]

   Str:       It affects your strength (-3).
   Int:       It affects your intelligence (+3).
   Dex:       It affects your dexterity (+3).
   rCorr:     It protects you from acid and corrosion.
   Will:      It increases your willpower.
 A - a +6 ring of dexterity
 M - a +6 ring of intelligence
 R - the ring of Vacad {rElec rCorr MP+9 Dex+6}
   (You took it off a deep elf pyromancer on level 3 of the Elven Halls)

   [ring of dexterity]

   Dex:       It affects your dexterity (+6).
   rElec:     It insulates you from electricity.
   MP:        It affects your magic capacity (+9).
   rCorr:     It protects you from acid and corrosion.
 W - the ring "Gabiesi" (right hand) {rElec rPois rN+++ Will+ Int-4}
   (You acquired it on level 4 of the Swamp)

   [ring of willpower]

   Int:       It affects your intelligence (-4).
   rElec:     It insulates you from electricity.
   rPois:     It protects you from poison.
   rN:        It renders you almost immune to negative energy.
   Will:      It increases your willpower.
Wands
 k - a wand of iceblast (54)
 o - a wand of digging (9)
 y - a wand of quicksilver (21)
 B - a wand of mindburst (43)
 C - a wand of flame (60)
Scrolls
 d - 24 scrolls of teleportation
 i - 4 scrolls of butterflies
 r - 9 scrolls of immolation
 s - 5 scrolls of fear
 u - a scroll of blinking
 v - 6 scrolls of amnesia
 D - 4 scrolls of magic mapping
 H - 9 scrolls of fog
 I - 3 scrolls of brand weapon
 L - 2 scrolls of silence
 T - a scroll of enchant armour
 X - 5 scrolls of poison
Potions
 c - a potion of magic
 f - 7 potions of ambrosia
 l - 4 potions of invisibility
 m - 9 potions of brilliance
 q - 4 potions of curing
 w - 2 potions of might
 x - 7 potions of berserk rage
 E - 6 potions of lignification
 F - 2 potions of haste
 K - 12 potions of attraction
 N - 12 potions of flight
 P - a potion of mutation
 S - 3 potions of resistance
 V - 3 potions of cancellation
Miscellaneous
 b - a tin of tremorstones (2/2)


   Skills:
 - Level 15.0 Fighting
 - Level 18.1 Axes
 - Level 8.4 Armour
 - Level 5.1 Dodging
 - Level 1.7 Stealth
 - Level 14.2 Shields
 - Level 12.0 Spellcasting
 - Level 11.1 Conjurations
 - Level 8.1 Necromancy
 + Level 11.3 Translocations
 - Level 9.2 Transmutations
 - Level 7.0 Earth Magic


You had 7 spell levels left.
You knew the following spells:

 Your Spells              Type           Power      Damage    Failure   Level
a - Magic Dart            Conj           100%       1d8       1%          1
b - Searing Ray           Conj           100%       2d8       1%          2
c - Iskenderun's Mystic   Conj/Tloc      67%        2d14      1%          4
d - Statue Form           Tmut/Erth      38%        N/A       43%         6
e - Passwall              Tmut/Erth      47%        N/A       1%          2
f - Borgnjor's Vile Clut  Necr/Erth      27%        N/A       11%         5
g - Sublimation of Blood  Necr           57%        N/A       1%          2
h - Leda's Liquefaction   Hex/Erth       17%        N/A       21%         4
i - Iron Shot             Conj/Erth      30%        9d6       30%         6
x - Manifold Assault      Tloc           67%        N/A       1%          4

Your spell library contained the following spells:

 Spells                   Type           Power      Damage    Failure   Level
 Apportation              Tloc           100%       N/A       1%          1
 Kiss of Death            Conj/Necr      100%       2d13      1%          1
 Necrotise                Necr           100%       1d9       1%          1
 Sandblast                Erth           100%       2d20      1%          1
 Shock                    Conj/Air       100%       1d9       1%          1
 Blink                    Tloc           100%       N/A       1%          2
 Lesser Beckoning         Tloc           100%       N/A       1%          2
 Momentum Strike          Conj/Tloc      100%       3d10      1%          2
 Gell's Gravitas          Tloc           67%        N/A       1%          3
 Stone Arrow              Conj/Erth      100%       3d13      1%          3
 Teleport Other           Tloc           67%        N/A       1%          3
 Vampiric Draining        Necr           57%        2d10      1%          3
 Dazzling Flash           Conj/Hex       92%        N/A       2%          3
 Hailstorm                Conj/Ice       46%        3d11      2%          3
 Portal Projectile        Hex/Tloc       92%        N/A       2%          3
 Volatile Blastmotes      Fire/Tloc      92%        2d17      2%          3
 Spider Form              Tmut/Pois      41%        N/A       3%          3
 Dispel Undead            Necr           57%        3d20      3%          4
 Cigotuvi's Dreadful Rot  Necr/Pois/Air  60%        N/A       4%          2
 Blade Hands              Tmut           30%        N/A       5%          5
 Ignite Poison            Fire/Tmut/Pois 32%        N/A       7%          3
 Freeze                   Ice            64%        1d7       9%          1
 Slow                     Hex            64%        N/A       9%          1
 Summon Small Mammal      Summ           64%        N/A       9%          1
 Flame Wave               Conj/Fire      46%        2d12      9%          4
 Fulminant Prism          Conj/Hex       23%        3d12      9%          4
 Sticky Flame             Conj/Fire      46%        2d6       9%          4
 Agony                    Necr           57%        N/A       9%          5
 Dispersal                Tloc           33%        N/A       12%         6
 Call Imp                 Summ           32%        N/A       13%         2
 Ensorcelled Hibernation  Hex/Ice        32%        N/A       13%         2
 Scorch                   Fire           32%        2d6       13%         2
 Lee's Rapid Deconstruct  Erth           26%        3d14*     13%         5
 Anguish                  Hex/Necr       19%        N/A       16%         4
 Animate Armour           Summ/Erth      70%        N/A       21%         4
 Summon Forest            Summ/Tloc      23%        N/A       22%         5
 Fireball                 Conj/Fire      23%        3d11      24%         5
 Call Canine Familiar     Summ           16%        N/A       26%         3
 Confusing Touch          Hex            16%        N/A       26%         3
 Frozen Ramparts          Ice            32%        1d5       26%         3
 Ozocubu's Armour         Ice            16%        N/A       26%         3
 Summon Guardian Golem    Hex/Summ       16%        N/A       26%         3
 Swiftness                Air            16%        N/A       26%         3
 Death Channel            Necr           28%        N/A       43%         6
 Freezing Cloud           Conj/Ice/Air   18%        6-21      45%         5
 Airstrike                Air            8%         2d(2-18)  63%         4
 Cause Fear               Hex            8%         N/A       63%         4
 Summon Ice Beast         Ice/Summ       16%        N/A       63%         4
 Summon Lightning Spire   Summ/Air       16%        N/A       63%         4
 Conjure Ball Lightning   Conj/Air       23%        3x3d6     78%         6
 Starburst                Conj/Fire      23%        6d8       78%         6
 Metabolic Englaciation   Hex/Ice        8%         N/A       93%         5
 Silence                  Hex/Air        8%         N/A       93%         5
 Summon Mana Viper        Hex/Summ       16%        N/A       93%         5
 Simulacrum               Ice/Necr       19%        N/A       94%         6
 Summon Cactus Giant      Summ           8%         N/A       100%        6
 Enfeeble                 Hex            8%         N/A       100%        7
 Haunt                    Necr/Summ      19%        N/A       100%        7
 Malign Gateway           Summ/Tloc      23%        N/A       100%        7
 Ozocubu's Refrigeration  Ice            8%         4d9       100%        7
 Disjunction              Tloc           33%        N/A       99%         8
 Discord                  Hex            8%         N/A       100%        8
 Polar Vortex             Ice            8%         N/A       100%        9


Dungeon Overview and Level Annotations

Branches:
Dungeon (15/15)            Temple (0/1) D:5            Lair (5/5) D:11
  Swamp (4/4) Lair:2       Spider (4/4) Lair:3        Slime (0/5) Lair:4
    Orc (2/2) D:9             Elf (3/3) Orc:2        Vaults (4/5) D:14
 Depths (0/4) D:15          IceCv (visited)
  Crypt: Vaults:2-3

Shops:
D:6 =   D:7 [   D:9 :   D:10 *   D:11 *   D:12 ?   Orc:2 [(*[   Vaults:1 ?
Vaults:3 (   Vaults:4 (

Portals:
Trove: Vaults:3 (give +7 demon blade)

Annotations:
Vaults:2 Mennas
Vaults:4 theMacoje's ghost, adept OgHs


Innate Abilities, Weirdness & Mutations

You have an increased reservoir of magic. (+10% MP)
You shall have no god before yourself.
Your divine heritage dramatically boosts your attributes as you level up.
You have a pair of small antennae on your head.
You have sharp toenails.
Your body sometimes deteriorates upon taking damage.
Your system is resistant to poisons. (rPois)


Message History

The vault warden is almost dead.
You slice theMacoje's ghost!!
TheMacoje's ghost gestures at you while chanting.
You resist with almost no effort.
The vault warden hits you with a +2 great mace of protection.
* * * LOW HITPOINT WARNING * * *
You take 3 damage, and have 39/178 hp.
You feel better.
TheMacoje's ghost points at you and mumbles some strange words.
You resist with almost no effort.
The vault warden hits you with a +2 great mace of protection!!
* * * LOW HITPOINT WARNING * * *
You take 25 damage, and have 14/178 hp.
Okay, then.
Okay, then.
Okay, then.
Okay, then.
Casting: Manifold Assault (mildly dangerous; 1% risk of failure)
Confirm with . or Enter, or press ? or * to list all spells.
Okay, then.
Casting: Manifold Assault (mildly dangerous; 1% risk of failure)
Confirm with . or Enter, or press ? or * to list all spells.
Aiming: Iron Shot (dangerous; 30% risk of failure)
Press: ? - help, Shift-Dir - straight line, f - vault warden
Aim: a vault warden, wielding a +2 great mace of protection and wearing a +0 plate armour (almost dead, 74% to hit)
You miscast Iron Shot.
You are very lightly contaminated with residual magic.
Sand pours from your hands.
TheMacoje's ghost gestures at you while chanting.
You resist with almost no effort. You block the vault warden's attack.
You now have 14/41 mp.
Casting: Iron Shot (dangerous; 30% risk of failure)
Confirm with . or Enter, or press ? or * to list all spells.
Aiming: Iron Shot (dangerous; 30% risk of failure)
Press: ? - help, Shift-Dir - straight line, f/p - vault warden
Aim: a vault warden, wielding a +2 great mace of protection and wearing a +0 plate armour (almost dead, 74% to hit)
The iron shot hits the vault warden!!
You kill the vault warden!
The runic seals fade away.
TheMacoje's ghost hits you!!
You die...

..........#.......#..............
#########.#####+######.########..
........#...#........#.#......#..
........#...#........#.#......###
........#...#..####..#.#......#..
........#...#..#!.#..#.#......#.~
........#...#..#.?#..#.#......#.~
.......(#...#..#W)#..#.#......+..
........#...#...@)...#.###'####.≈
........#...#........#........#.~
........#...##+#######........#..
###'#####.....................##'
................^^...............
.................................
.................................
###'###################)#########
.....# #..#..#..#


You could see theMacoje's ghost.

Vanquished Creatures
  Mara (Vaults:3)
  Boris (Vaults:3)
  the Lernaean hydra (Swamp:4)
  Margery (Vaults:1)
  Arachne (Spider:3)
  Jorgrun (D:15)
  3 deep elf blademasters
  2 deep elf master archers (Elf:3)
  2 sphinxes
  A tengu reaver (Vaults:3)
  Donald (Elf:2)
  11 vault wardens
  4 emperor scorpions
  6 deep elf sorcerers
  2 ghost moths (Spider:4)
  2 orc warlords
  4 deep elf elementalists (Elf:3)
  15 ironbound preservers
  The ghost of Cumomo the Carver, an adept SpEn of Kikubaaqudgha (Spider:3)
  3 broodmothers
  The ghost of LynnLen the Unseen, an adept SpEn of Dithmenos (Swamp:2)
  A war gargoyle (Vaults:2)
  2 very ugly things (Vaults:4)
  7 ironbound thunderhulks
  Azrael (Orc:2)
  5 eleionomae
  A bunyip (Swamp:1)
  6 deep elf demonologists
  Nessos (Orc:2)
  A dire elephant (Vaults:1)
  4 spark wasps
  7 deep elf annihilators
  A crystal guardian (Vaults:3)
  7 entropy weavers
  4 deep elf death magi (Elf:3)
  2 ettins
  4 deep elf high priests
  13 yaktaur captains
  4 great orbs of eyes
  A fire dragon (Lair:5)
  Fannar (Lair:1)
  13 vault guards
  2 peacekeepers
  5 ghost crabs
  16 hydras
  An ogre mage (Vaults:4)
  A jorogumo (Spider:4)
  Erica (D:11)
  15 ironbound frosthearts
  14 centaur warriors
  The ghost of spardeous the Placeless Demigod, a journeyman DgCj (Lair:1)
  8 boulder beetles
  24 dancing weapons
  2 radroaches
  A catoblepas (Lair:3)
  6 death yaks
  8 alligators
  A death knight (D:15)
  10 two-headed ogres
  8 death scarabs (Spider:4)
  4 tengu warriors (D:14)
  A spectral emperor scorpion (Spider:3)
  An orc high priest (Orc:2)
  14 deep elf knights
  3 hell knights
  6 pharaoh ants (Spider:4)
  5 skeletal warriors
  3 sun moths
  The ghost of ystael the Skirmisher, a novice GnHu (D:7)
  2 skysharks
  4 orb spiders
  2 goliath frogs (Swamp:1)
  8 deep elf archers
  13 bog bodies
  36 deep trolls
  16 orc knights
  5 spriggan druids
  11 swamp dragons
  4 harpies (Vaults:3)
  7 lindwurms
  3 necromancers
  4 wizards
  8 ironbound convokers
  A lindwurm (shapeshifter) (Elf:1)
  2 spectral jorogumos (Spider:4)
  2 steelbarb worms (Spider:4)
  A broodmother zombie (Spider:4)
  29 deep elf pyromancers
  3 spectral wolf spiders
  14 wolf spiders
  2 wolf spider zombies (Spider:4)
  25 deep elf zephyrmancers
  A stone giant zombie (Vaults:2)
  8 orc sorcerers
  35 ugly things
  A manticore (shapeshifter) (D:14)
  2 will-o-the-wisps
  4 manticores
  4 moths of wrath
  5 cyclopes
  A stone giant skeleton (Vaults:2)
  15 elephants
  2 naga magi (D:15)
  A centaur zombie (D:10)
  17 vault sentinels
  An ice statue (IceCv)
  A torpor snail (Spider:3)
  A gargoyle (D:13)
  5 demonic crawlers
  9 black mambas
  An emperor scorpion simulacrum (Spider:3)
  2 centaur skeletons (D:15)
  10 cane toads
  3 unseen horrors
  3 efreet
  11 komodo dragons
  A rime drake (shapeshifter) (Elf:3)
  An unseen horror zombie (D:10)
  27 yaktaurs
  2 rime drakes
  2 tengu conjurers (D:14)
  4 spectral redbacks (Spider:4)
  9 trolls
  12 ice devils (IceCv)
  A guardian mummy (Vaults:3)
  7 freezing wraiths
  3 meliai (Spider:2)
  A polar bear (Lair:5)
  A hornet (shapeshifter) (D:14)
  6 hornets
  5 tyrant leeches
  2 spectral jumping spiders (Spider:4)
  A spectral culicivora (Spider:4)
  A tarantella zombie (Spider:4)
  2 wolf spider simulacra
  3 saltlings (Orc:2)
  14 tarantellas
  3 jumping spider zombies (Spider:4)
  2 spectral tarantellas (Spider:4)
  A harpy skeleton (D:15)
  24 blink frogs
  A raiju (shapeshifter) (Elf:2)
  A dream sheep (shapeshifter) (Elf:2)
  15 jumping spiders
  7 wyverns
  23 slime creatures
  4 water elementals
  2 dire elephant simulacra (IceCv)
  A shadow (D:10)
  20 culicivoras
  54 yaks
  5 spriggans
  8 fire elementals
  3 steam dragons
  2 wraiths
  6 basilisks
  38 redbacks
  8 vampire mosquitoes
  2 death yak simulacra (IceCv)
  A spectral entropy weaver (Spider:3)
  6 wargs
  16 swamp worms
  A hydra simulacrum (IceCv)
  4 acid dragons
  A harpy simulacrum (IceCv)
  2 hell hounds (Orc:2)
  21 water moccasins
  32 orc warriors
  7 black bears
  An ice beast (D:6)
  A sky beast (D:8)
  11 ogres
  13 swamp drakes
  8 wolves
  3 boggarts (Vaults:1)
  6 centaurs
  A phantom (D:7)
  2 human skeletons (Vaults:2)
  11 bullfrogs
  3 kobold brigands
  A bullfrog (shapeshifter) (Vaults:1)
  A gnoll sergeant (D:6)
  2 scorpions
  7 cane toad simulacra
  An earth elemental (Elf:3)
  A two-headed ogre simulacrum (IceCv)
  13 wights
  3 elephant simulacra
  19 killer bees
  4 electric eels
  4 howler monkeys
  A jelly (D:7)
  2 hounds (D:5)
  20 orc priests
  Crazy Yiuf (D:4)
  4 iguanas
  Jessica (D:2)
  A sleepcap (D:6)
  Terence (D:2)
  29 orc wizards
  2 troll simulacra (IceCv)
  5 polar bear simulacra
  6 wolf simulacra (IceCv)
  9 gnolls
  5 adders
  3 white imps
  2 ufetubi
  4 dart slugs
  86 orcs
  7 ball pythons
  5 bats
  5 endoplasms
  6 giant cockroaches
  7 goblins
  5 hobgoblins
  4 jackals (D:2)
  A quokka (D:4)
  3 frilled lizards
  12 kobolds
  2 rats
1438 creatures vanquished.

Vanquished Creatures (others)
  8 foxfires
8 creatures vanquished.

Grand Total: 1446 creatures vanquished

Notes
Turn   | Place    | Note
-------+----------+-------------------------------------------
     0 | D:1      | spardeous the Demigod Conjurer began the quest for the Orb.
     0 | D:1      | Reached XP level 1. HP: 14/14 MP: 5/5
   311 | D:1      | Reached XP level 2. HP: 20/20 MP: 2/7
  1155 | D:2      | Noticed Jessica
  1193 | D:1      | Learned a level 2 spell: Searing Ray
  1222 | D:2      | Killed Jessica
  1223 | D:2      | Reached XP level 3. HP: 26/26 MP: 2/9
  1780 | D:2      | Noticed Terence
  1791 | D:2      | Killed Terence
  1792 | D:2      | Reached XP level 4. HP: 33/33 MP: 5/11
  2189 | D:3      | Identified the +2 helmet of the Shining Light {Int+4}
  3112 | D:4      | Reached skill level 5 in Conjurations
  3112 | D:4      | Reached XP level 5. HP: 38/38 MP: 5/13
  3327 | D:4      | Found a runed translucent door.
  3328 | D:4      | Noticed Crazy Yiuf
  3378 | D:4      | You fall into a shaft and drop 2 floors!
  3389 | D:6      | Noticed an ice beast
  3394 | D:6      | Killed an ice beast
  3400 | D:6      | Learned a level 4 spell: Iskenderun's Mystic Blast
  3445 | D:6      | Found Vepeij's Jewellery Boutique.
  3464 | D:6      | Reached XP level 6. HP: 45/45 MP: 6/15
  3823 | D:6      | Noticed a water moccasin
  3831 | D:6      | Killed a water moccasin
  3832 | D:6      | Reached skill level 5 in Spellcasting
  3832 | D:6      | Reached XP level 7. HP: 37/50 MP: 8/18
  4706 | D:7      | Noticed a wraith
  4716 | D:7      | Killed a wraith
  4717 | D:7      | Reached XP level 8. HP: 57/57 MP: 8/20
  5374 | D:7      | Found Xaddek's Antique Armour Emporium.
  5523 | D:7      | Found a runed translucent door.
  5524 | D:7      | Noticed ystael's ghost (novice GnHu)
  5554 | D:7      | Reached skill level 1 in Translocations
  6415 | D:8      | Reached XP level 9. HP: 52/61 MP: 18/23
  6507 | D:8      | HP: 2/62 [troll (6)]
  6512 | D:8      | Reached skill level 5 in Translocations
  7265 | D:5      | Entered Level 5 of the Dungeon
  7265 | D:5      | Found a staircase to the Ecumenical Temple.
  8372 | D:4      | Identified the +5 ring mail "Pumimuti" {+Blink Slay+6}
  8604 | D:4      | Killed Crazy Yiuf
  8803 | D:3      | Learned a level 3 spell: Stone Arrow
  9078 | D:9      | Noticed a two-headed ogre
  9194 | D:9      | Killed a two-headed ogre
  9326 | D:9      | Reached XP level 10. HP: 69/69 MP: 16/24
  9896 | D:9      | Noticed a two-headed ogre
 10050 | D:9      | Reached skill level 10 in Translocations
 10134 | D:9      | Found Racato's Tremendous Tomes.
 10175 | D:9      | Found a staircase to the Orcish Mines.
 10425 | D:9      | Noticed a two-headed ogre
 10605 | D:9      | Noticed a two-headed ogre
 10638 | D:9      | Killed a two-headed ogre
 10922 | D:9      | Reached skill level 10 in Conjurations
 11467 | D:9      | Killed a two-headed ogre
 11713 | D:9      | Killed a two-headed ogre
 11812 | D:10     | Entered Level 10 of the Dungeon
 11819 | D:10     | Reached XP level 11. HP: 73/74 MP: 13/26
 12027 | D:10     | Found Hyfus's General Store.
 12045 | D:10     | Got the Tractate on the Creative Sun
 12269 | D:10     | Noticed a two-headed ogre
 12282 | D:10     | Killed a two-headed ogre
 12481 | D:10     | Noticed a skeletal warrior
 12564 | D:10     | Killed a skeletal warrior
 13123 | D:10     | Reached skill level 10 in Spellcasting
 13607 | D:7      | Killed ystael's ghost
 13874 | D:11     | Noticed a two-headed ogre
 13878 | D:11     | Killed a two-headed ogre
 14031 | D:11     | Noticed Erica
 14040 | D:11     | Killed Erica
 14042 | D:11     | Noticed a two-headed ogre
 14060 | D:11     | Killed a two-headed ogre
 14221 | D:11     | Found Kommaobeu's Assorted Antiques.
 14225 | D:11     | Bought an embroidered cloak for 195 gold pieces
 14225 | D:11     | Bought a bloodstained hand axe for 208 gold pieces
 14225 | D:11     | Identified the +2 hand axe "Demigod's Regret" {drain, rPois
                  | rC+ Will+ Dex-5} (You bought it in a shop on level 11 of
                  | the Dungeon)
 14543 | D:11     | Noticed a two-headed ogre
 14716 | D:11     | Killed a two-headed ogre
 14717 | D:11     | Reached XP level 12. HP: 78/81 MP: 10/32
 14833 | D:11     | Noticed a boulder beetle
 14840 | D:11     | Killed a boulder beetle
 15093 | D:11     | Found a staircase to the Lair.
 15102 | D:11     | Learned a level 2 spell: Passwall
 15764 | D:12     | Found Otesh's Magic Scroll Shoppe.
 15829 | D:12     | Bought a scroll of identify for 28 gold pieces
 16084 | D:12     | Reached skill level 1 in Fighting
 16618 | D:12     | Noticed a boulder beetle
 16630 | D:12     | Killed a boulder beetle
 17089 | D:13     | Reached skill level 5 in Fighting
 17225 | D:13     | Identified a scroll of acquirement
 17257 | D:13     | Noticed a boulder beetle
 17825 | D:13     | Noticed a centaur warrior
 17832 | D:13     | Killed a centaur warrior
 17923 | D:13     | Noticed a centaur warrior
 17942 | D:13     | Killed a centaur warrior
 18226 | D:13     | Killed a boulder beetle
 18332 | D:14     | Noticed a centaur warrior
 18334 | D:14     | Killed a centaur warrior
 18507 | D:14     | Noticed a centaur warrior
 18930 | D:14     | Killed a centaur warrior
 19087 | D:14     | Found a gate to the Vaults.
 19087 | D:14     | Noticed a vault guard
 19087 | D:14     | Noticed a vault guard
 19087 | D:14     | Noticed a vault guard
 19087 | D:14     | Noticed a vault guard
 19592 | D:14     | Killed a vault guard
 19723 | D:14     | Killed a vault guard
 19724 | D:14     | Reached XP level 13. HP: 108/108 MP: 20/33
 20640 | D:14     | Reached skill level 10 in Fighting
 20798 | D:14     | Acquired 671 gold pieces
 20965 | D:14     | Reached skill level 1 in Shields
 22210 | D:14     | Reached skill level 5 in Shields
 22562 | Lair:1   | Entered Level 1 of the Lair of Beasts
 22733 | Lair:1   | Noticed Fannar
 22903 | Lair:1   | Killed Fannar
 23227 | Lair:1   | Learned a level 2 spell: Blink
 23641 | Lair:1   | Found a runed translucent door.
 23642 | Lair:1   | Noticed spardeous's ghost (journeyman DgCj)
 23699 | Lair:1   | Killed spardeous's ghost
 23884 | D:11     | Bought a scroll of identify for 52 gold pieces
 23884 | D:11     | Bought a scroll labelled TAWES QENUU for 26 gold pieces
 23938 | D:10     | Bought a scroll of teleportation for 42 gold pieces
 23938 | D:10     | Bought a scroll of fog for 56 gold pieces
 24011 | D:7      | Bought a faintly humming hat for 198 gold pieces
 24011 | D:7      | Identified the +2 hat "Edaufomu" {rElec rC+ Dex+4} (You
                  | bought it in a shop on level 7 of the Dungeon)
 24542 | Lair:2   | Found a frozen archway.
 24561 | IceCv    | Entered an ice cave
 24895 | IceCv    | Reached skill level 1 in Armour
 25837 | IceCv    | Reached XP level 14. HP: 121/121 MP: 29/35
 26734 | IceCv    | Got the Volume of Refrigeration and Corpses
 26835 | IceCv    | Learned a level 5 spell: Borgnjor's Vile Clutch
 27806 | Lair:2   | Reached skill level 10 in Shields
 28045 | Lair:2   | Found the +8 whip "Snakebite" {venom, curare, rPois}
 28225 | Lair:2   | Found a staircase to the Swamp.
 28419 | Lair:3   | Reached skill level 1 in Necromancy
 28419 | Lair:3   | Reached skill level 1 in Earth Magic
 29492 | Lair:3   | Found a hole to the Spider Nest.
 30125 | Lair:4   | Reached skill level 1 in Axes
 30131 | Lair:4   | Reached skill level 2 in Axes
 30277 | Lair:4   | Found a staircase to the Slime Pits.
 30532 | Lair:4   | Reached skill level 3 in Axes
 30908 | Lair:4   | Reached skill level 4 in Axes
 31555 | Lair:5   | Entered Level 5 of the Lair of Beasts
 31807 | Lair:5   | Reached skill level 5 in Axes
 32096 | Lair:5   | Reached skill level 6 in Axes
 32372 | Lair:5   | Reached skill level 7 in Axes
 32791 | Lair:5   | Acquired a +0 cloak of poison resistance
 33185 | Lair:5   | Reached XP level 15. HP: 63/126 MP: 18/36
 33474 | Lair:5   | Learned a level 2 spell: Sublimation of Blood
 33654 | Orc:1    | Entered Level 1 of the Orcish Mines
 34567 | Orc:2    | Entered Level 2 of the Orcish Mines
 34876 | Orc:2    | Reached skill level 8 in Axes
 35035 | Orc:2    | Found Oxein's Armour Shoppe.
 35112 | Orc:2    | Found a staircase to the Elven Halls.
 35563 | Orc:2    | Noticed Azrael
 35579 | Orc:2    | Killed Azrael
 35781 | Orc:2    | Noticed Nessos
 36268 | Orc:2    | Killed Nessos
 36470 | Orc:2    | Reached skill level 9 in Axes
 37197 | Orc:2    | Paralysed by an orc sorcerer for 3 turns
 37699 | Orc:2    | Reached skill level 10 in Axes
 37993 | Orc:2    | Found Lingaan's Antique Armour Boutique.
 38012 | Orc:2    | Found Fesopsof's Antique Weapon Shop.
 38014 | Orc:2    | Found Zyan's General Store.
 38020 | Orc:2    | Bought a potion of invisibility for 112 gold pieces
 38020 | Orc:2    | Bought a scroll of identify for 28 gold pieces
 38083 | Orc:2    | Found Iwocy's Book Emporium.
 38107 | Orc:2    | Bought a buzzing hand axe for 304 gold pieces
 38107 | Orc:2    | Identified the +10 hand axe of Plague {pain, rF+} (You
                  | bought it in a shop on level 2 of the Orcish Mines)
 38421 | Spider:1 | Entered Level 1 of the Spider Nest
 39412 | Spider:1 | Identified the +2 falchion of the Salmon {freeze, rPois rN+
                  | Int+4}
 39588 | Spider:1 | Reached skill level 5 in Dodging
 40059 | D:9      | Bought the Verses on the Wayfarer for 1176 gold pieces
 40064 | D:9      | Learned a level 4 spell: Manifold Assault
 40145 | D:6      | Bought an amulet of magic regeneration for 390 gold pieces
 40302 | Swamp:1  | Entered Level 1 of the Swamp
 40814 | Swamp:1  | Reached skill level 5 in Necromancy
 41157 | D:12     | Bought a scroll of enchant weapon for 105 gold pieces
 42354 | Swamp:2  | Noticed LynnLen's ghost (adept SpEn)
 42355 | Swamp:2  | Found a runed translucent door.
 43128 | Swamp:2  | Killed LynnLen's ghost
 43177 | Swamp:3  | Identified the +2 cloak of Egius {rF+ rN+}
 44421 | Swamp:3  | Reached XP level 16. HP: 124/133 MP: 21/37
 44488 | Swamp:2  | Reached skill level 11 in Axes
 46394 | Swamp:4  | Entered Level 4 of the Swamp
 47421 | Swamp:4  | Reached skill level 12 in Axes
 47943 | Swamp:4  | Acquired the ring "Gabiesi" {rElec rPois rN+++ Will+ Int-4}
 48714 | Swamp:4  | Reached skill level 13 in Axes
 49173 | Swamp:4  | Noticed the 27-headed Lernaean hydra
 49195 | Swamp:4  | Killed the 27-headed Lernaean hydra
 49272 | Swamp:4  | Found the +3 giant club "Skullcrusher" {speed, Str+7}
 49485 | Swamp:4  | Got a decaying rune of Zot
 49846 | Swamp:4  | Reached skill level 14 in Axes
 50343 | D:15     | Entered Level 15 of the Dungeon
 50426 | D:15     | Identified the +8 plate armour of the New World {-Tele
                  | Regen+ rCorr Dex+2}
 50512 | D:15     | Reached skill level 1 in Transmutations
 50958 | D:15     | Found a staircase to the Depths.
 51032 | D:15     | Noticed Jorgrun
 51050 | D:15     | Killed Jorgrun
 51053 | D:15     | Reached skill level 5 in Transmutations
 53532 | Spider:2 | Reached XP level 17. HP: 137/140 MP: 18/38
 54365 | Spider:3 | Noticed Arachne
 54377 | Spider:3 | Killed Arachne
 54845 | Spider:3 | Found a transporter.
 54849 | Spider:3 | Noticed Cumomo's ghost (adept SpEn)
 55930 | Spider:3 | Found a transporter.
 56361 | Spider:3 | Reached skill level 15 in Axes
 56483 | Spider:3 | Killed Cumomo's ghost
 56584 | Spider:4 | Entered Level 4 of the Spider Nest
 59303 | Spider:4 | Reached skill level 16 in Axes
 61193 | Spider:4 | Gained mutation: You expend magic power (3 MP) to
                  | strengthen your wands. [potion of mutation]
 61193 | Spider:4 | Gained mutation: You are agile. (Dex +4, Str/Int -1)
                  | [potion of mutation]
 62454 | Spider:4 | Learned a level 4 spell: Leda's Liquefaction
 62461 | Spider:4 | Learned a level 6 spell: Iron Shot
 63713 | Spider:4 | Reached skill level 5 in Armour
 64442 | Spider:4 | Got a gossamer rune of Zot
 65019 | Elf:1    | Entered Level 1 of the Elven Halls
 65807 | Elf:1    | Got Leketz's Annotations on Wounds
 66170 | Elf:1    | You fall into a shaft and drop 1 floor!
 66171 | Elf:2    | Noticed a deep elf blademaster
 66181 | Elf:2    | Killed a deep elf blademaster
 66297 | Elf:2    | Found a huge runed translucent gate.
 66298 | Elf:2    | Found a huge runed translucent gate.
 66299 | Elf:2    | Found a huge runed translucent gate.
 66300 | Elf:2    | Found a huge runed translucent gate.
 66301 | Elf:2    | Found a huge runed translucent gate.
 66335 | Elf:2    | Reached XP level 18. HP: 140/147 MP: 31/39
 66581 | Elf:2    | Reached skill level 17 in Axes
 66844 | Elf:2    | Found the crystal ball of Wucad Mu {*channel}
 67945 | Elf:2    | Lost mutation: You are agile. (Dex +4, Str/Int -1) [potion
                  | of mutation]
 67945 | Elf:2    | Lost mutation: You expend magic power (3 MP) to strengthen
                  | your wands. [potion of mutation]
 67945 | Elf:2    | Gained mutation: You occasionally lose the ability to read
                  | scrolls when taking damage. [potion of mutation]
 67945 | Elf:2    | Gained mutation: You have hidden genetic potential. [potion
                  | of mutation]
 67945 | Elf:2    | Gained mutation: You have a somewhat thin skeletal
                  | structure. (Dex +2, Stealth+) [potion of mutation]
 67945 | Elf:2    | Gained mutation: Your system is resistant to poisons.
                  | (rPois) [potion of mutation]
 67946 | Elf:2    | Lost mutation: You occasionally lose the ability to read
                  | scrolls when taking damage. [potion of mutation]
 67946 | Elf:2    | Lost mutation: You have hidden genetic potential. [potion
                  | of mutation]
 67946 | Elf:2    | Gained mutation: You sometimes lose your temper in combat.
                  | [potion of mutation]
 67946 | Elf:2    | Gained mutation: You have sharp toenails. [potion of
                  | mutation]
 67947 | Elf:2    | Lost mutation: You have sharp toenails. [potion of
                  | mutation]
 67947 | Elf:2    | Lost mutation: You sometimes lose your temper in combat.
                  | [potion of mutation]
 67947 | Elf:2    | Lost mutation: You have a somewhat thin skeletal structure.
                  | (Dex +2, Stealth+) [potion of mutation]
 67947 | Elf:2    | Gained mutation: You have sharp toenails. [potion of
                  | mutation]
 67947 | Elf:2    | Gained mutation: Your body sometimes deteriorates upon
                  | taking damage. [potion of mutation]
 67947 | Elf:2    | Gained mutation: You have a pair of small antennae on your
                  | head. [potion of mutation]
 68045 | Orc:2    | Bought a +0 pair of boots for 76 gold pieces
 68483 | Elf:3    | Entered Level 3 of the Elven Halls
 69240 | Elf:3    | Identified the +9 war axe of Inflation {elec, rElec rN+
                  | Str+3}
 69242 | Elf:3    | Noticed Donald
 69277 | Elf:2    | Killed Donald
 69628 | Elf:3    | Reached skill level 18 in Axes
 69975 | Elf:3    | Identified the ring of Vacad {rElec rCorr MP+9 Dex+6}
 70032 | Elf:3    | Noticed a Hell Sentinel
 70445 | Elf:3    | Noticed a Brimstone Fiend
 70925 | Elf:3    | Identified the +2 halberd "Esyrus" {flame, Str+3}
 72031 | Elf:3    | Identified the +3 trident "Widowermaker" {flame, rC+ rCorr}
 72370 | Elf:3    | Got the Commentary on Hindering Exhumation
 72387 | Elf:3    | Identified the staff of conjuration "Fytaher" {rN+ Will+
                  | Str-2 Stlth+}
 72404 | Elf:3    | Identified the staff of conjuration "Kumnieshreucs" {rC-
                  | Int+4}
 72801 | Vaults:1 | Entered Level 1 of the Vaults
 73182 | Vaults:1 | Learned a level 6 spell: Statue Form
 73905 | Vaults:1 | Reached XP level 19. HP: 127/156 MP: 31/40
 74731 | Vaults:1 | Found Teluj's Magic Scroll Shoppe.
 74738 | Vaults:1 | Bought a scroll of enchant armour for 165 gold pieces
 74738 | Vaults:1 | Bought a scroll of acquirement for 1144 gold pieces
 74738 | Vaults:1 | Bought a scroll of blinking for 165 gold pieces
 74816 | Vaults:2 | Noticed Mennas
 75482 | Vaults:2 | Reached skill level 5 in Earth Magic
 76687 | Vaults:2 | Noticed Margery
 76759 | Vaults:1 | Killed Margery
 77534 | Vaults:3 | Found Zitenaf's Weapon Shop.
 77840 | Vaults:3 | Found a portal to a secret trove of treasure.
 77904 | Vaults:3 | Acquired the ring "Ecouk" {Will+ rCorr Str-3 Int+3 Dex+3}
 78003 | Vaults:3 | Identified the +0 robe of Pihiv {Int+3 SInv}
 78468 | Vaults:3 | Noticed Boris
 78490 | Vaults:3 | Killed Boris
 78900 | Vaults:3 | Identified the +0 scale mail of Cihiuts {-Tele Rampage
                  | rPois Int+3}
 79059 | Vaults:3 | Noticed Mara
 79061 | Vaults:3 | Noticed spardeous's illusion
 79076 | Vaults:3 | Killed Mara
 79099 | Vaults:3 | Reached XP level 20. HP: 88/174 MP: 17/41
 79767 | Vaults:4 | Found a large runed translucent door.
 79767 | Vaults:4 | Found a large runed translucent door.
 79767 | Vaults:4 | Noticed theMacoje's ghost (adept OgHs)
 80117 | Vaults:4 | Reached skill level 15 in Fighting
 81448 | Vaults:4 | Found Kigud's Weapon Shoppe.
 81536 | Vaults:4 | Slain by theMacoje's ghost

Illustrated notes

Levels and vault maps discovered:
D:1:      dpeg_arrival_leaves_temple_mockup, layout_rooms,
          dreamdust_wishing_well, kennysheep_another_room, minmay_parallelograms
D:2:      layout_basic, hellmonk_ecumenical_altar_run_dry, uniq_terence,
          uniq_jessica
D:3:      layout_loops_ring, minmay_misc_feat_x, minmay_goblin_kobold_house
D:4:      layout_cave_pools, dk_rats_in_the_wall, uniq_crazy_yiuf_cottage
D:5:      layout_gridville, minmay_temple_entry_mini_moons
D:6:      layout_cave_pools, serial_shops, shop
D:7:      layout_rooms, nicolae_vehumet_altar_sigil, serial_shops, shop,
          ebering_ghost_inner_flame, chequers_serial_rivers_room_b
D:8:      layout_loops_ring, grunt_gozag_statues
D:9:      layout_irregular_city, led_sif_book, orc_0_dummy, dk_noncrumbling_2,
          nicolae_shop_i_like_big_books, st_stairs_2, minmay_alternating_orb
D:10:     layout_big_octagon, mainiacjoe_overflow_cross_hatched,
          lemuel_zombie_altar_yredelemnul, serial_shops, shop_statue,
          minivault_20
D:11:     layout_roguey, due_lair_maze_entry_diamond, serial_shops,
          nicolae_shop_pleasant_corner_grove, grunt_ministairs_14,
          nicolae_concentric_dashed_squares_mild, uniq_erica
D:12:     layout_small_grid, serial_shops, shop
D:13:     layout_basic, corexii_leaking_fountain
D:14:     layout_gridville, lightli_vaults_fourway_checkpoint
D:15:     grunt_enter_depths_magical_seal, layout_cave_pools,
          pdpol_wu_jian_five_deadly_venoms, trog_three_pillars_becter,
          uniq_jorgrun
Lair:1:   layout_roguey, ebering_ghost_xom, infiniplex_staircase_pool,
          uniq_fannar
Lair:2:   minmay_guarded_unrand_snakebite, layout_small_grid, swamp_mist,
          portal_ice_cave_entry_ice_simulacra, nicolae_quartered_pool_impasse,
          beast_lair_carwin_4
Lair:3:   layout_cave_pods, spider_nest_entry_funnel_web
Lair:4:   layout_regular_city, slime_entry_1, grunt_megastairs_3,
          serial_bayou_shore_a
Lair:5:   guppyfry_lair_end_dragon, layout_gridlike
Swamp:1:  layout_falls_marsh, nicolae_swamp_godswood, swamp_pool3,
          nicolae_swamp_soggy_hallways, infiniplex_staircase_pool_2
Swamp:2:  layout_falls_marsh, hellmonk_ghost_happy_afterlife,
          evilmike_swamp_ruin_wall
Swamp:3:  cheibrodos_swamp_heart_of_darkness, layout_basic_swamp,
          lemuel_altar_in_water, swamp_pool1
Swamp:4:  grunt_swamp_rune_castle, layout_basic_swamp, swamp_pool1
Spider:1: layout_spider_delve, guppyfry_spider_mini_2
Spider:2: layout_chambers, hangedman_spider_tarantella_strand
Spider:3: layout_spider_delve, gammafunk_ghost_mausoleum, uniq_arachne
Spider:4: floodkiller_spider_rune_tomb
Orc:1:    layout_caves, basic_altar, david_defended_altar_orc
Orc:2:    hellmonk_orc_salted, layout_diamond_mine, serial_shops,
          nicolae_shop_just_a_little_nook, nicolae_orc_tapped_out, uniq_nessos,
          uniq_azrael
Elf:1:    elf_arrival_001, layout_loops_corners, minmay_elf_annihilation
Elf:2:    elven_hall_of_blades_hangedman_alternative [mumra_blade_entry_dagger],
          layout_rooms
Elf:3:    grunt_elf_hall_asides, layout_rooms, minivault_4, uniq_donald
Vaults:1: nicolae_vaults_swerve, vaults_mumra_hex, ontoclasm_vaults_chip,
          vaults_room_fancy_cross, v_misc_32, special_room_vaults
          [special_room_orc], nicolae_vaults_variable_pillar_hall,
          nicolae_vaults_tetromino_L_1, v_misc_5, v_pattern_2,
          nicolae_vaults_surprise_closet, layout_vaults_quadrants, serial_shops,
          shop
Vaults:2: nicolae_vaults_trapezoid_lopsided_2, nicolae_vaults_closet_pinwheel_4,
          nicolae_vaults_arrows, v_rooms_3, nicolae_vaults_bisected_slash,
          v_misc_18, minmay_crypt_entry_simple_walls, v_misc_13,
          grunt_vaults_hallway_long, v_misc_25, nicolae_vaults_wine_cellar,
          dpeg_vaults_monster_box, layout_vaults_chaotic_city, uniq_margery,
          uniq_mennas
Vaults:3: vaults_standard_mumra_lines, hangedman_vaults_slice,
          nicolae_vaults_trapezoid_4, nicolae_vaults_enemy_cabinets,
          nicolae_vaults_offset_grid_hallway_1, v_misc_25,
          nicolae_vaults_trapezoid_3, nicolae_vaults_double_plus_1,
          vaults_mumra_chevron, nicolae_vaults_two_Ls,
          nicolae_vaults_turnstiles, nicolae_vaults_cochlea,
          nicolae_vaults_mini_display_case,
          nicolae_vaults_taking_the_gang_shopping, vaults_dpeg_encased_lava,
          hangedman_vaults_restitches, layout_vaults_big_cross,
          nicolae_trove_entry_path_of_doom, uniq_mara, uniq_boris
Vaults:4: advil_vaults_ghost_guards, nicolae_vaults_network_quinsquares
          [nicolae_vaults_network_quincunx_subvault,
          nicolae_vaults_network_quincunx_subvault,
          nicolae_vaults_network_quincunx_subvault,
          nicolae_vaults_network_quincunx_subvault], vaults_room_fours,
          nicolae_vaults_shipping_containers_6, vaults_room_grid,
          nicolae_vaults_network_periphery, nicolae_vaults_gold_heap,
          nicolae_vaults_offset_grid_hallway_3, v_misc_4,
          nicolae_vaults_shelves_hall, nicolae_vaults_asterisk,
          nicolae_vaults_six-pack, vaults_room_stairs_pillars,
          layout_vaults_omnibox, serial_shops,
          nicolae_shop_temple_entry_statues_fountains

Skill      XL: |  1  2  3  4  5  6  7  8  9 10 11 12 13 14 15 16 17 18 19 20 |
---------------+-------------------------------------------------------------+-----
Spellcasting   | 2 3 4 5 6 7 11 12 | 12.0
Conjurations   | 4 5 6 7 8 10 11 | 11.1
Translocations | 4 8 10 11 | 11.3
Fighting       | 8 10 14 15 | 15.0
Shields        | 8 10 14 | 14.2
Armour         | 3 4 8 |  8.4
Necromancy     | 3 6 8 |  8.1
Earth Magic    | 3 4 7 |  7.0
Axes           | 7 10 14 16 18 | 18.1
Dodging        | 5 |  5.1
Transmutations | 6 7 9 |  9.2
Stealth        | |  1.7

Action                     |  1- 3 |  4- 6 |  7- 9 | 10-12 | 13-15 | 16-18 | 19-21 || total
---------------------------+-------+-------+-------+-------+-------+-------+-------++-------
  Melee: Unarmed           |     5 |       |       |       |       |       |       ||     5
         Hand axe          |       |       |     5 |    17 |   688 |  1449 |       ||  2159
         Punch             |       |       |     1 |       |       |       |       ||     1
         Broad axe         |       |       |       |       |    12 |   188 |   763 ||   963
         War axe           |       |       |       |       |       |   217 |       ||   217
         Kick              |       |       |       |       |       |       |     1 ||     1
   Cast: Magic Dart        |    79 |    81 |   110 |       |    11 |       |       ||   281
         Searing Ray       |     2 |     7 |    55 |    23 |     7 |     1 |       ||    95
         Iskenderun's Myst |       |       |    19 |   178 |   455 |   126 |    26 ||   804
         Stone Arrow       |       |       |       |   120 |   258 |    52 |       ||   430
         Blink             |       |       |       |       |     3 |       |       ||     3
         Manifold Assault  |       |       |       |       |    73 |   662 |   233 ||   968
         Borgnjor's Vile C |       |       |       |       |     2 |   140 |     6 ||   148
         Iron Shot         |       |       |       |       |       |     3 |     4 ||     7
         Leda's Liquefacti |       |       |       |       |       |     1 |       ||     1
         Statue Form       |       |       |       |       |       |       |     1 ||     1
    Use: Potion            |       |       |     3 |     1 |     3 |    13 |    20 ||    40
         Scroll            |       |       |       |    11 |    28 |    12 |     5 ||    56
   Stab: Distracted        |       |       |       |       |     1 |     1 |       ||     2
         Sleeping          |       |       |       |       |     1 |     1 |       ||     2
 Armour: Robe              |     6 |     6 |    19 |       |       |       |       ||    31
         Ring mail         |       |       |     9 |    94 |   420 |   476 |   153 ||  1152
         Skin              |       |       |       |       |       |       |    26 ||    26
  Dodge: Dodged            |    12 |    14 |    54 |    99 |   386 |   431 |   187 ||  1183
  Block: Buckler           |       |       |       |       |    42 |       |       ||    42
         Kite shield       |       |       |       |       |   629 |   740 |   355 ||  1724
